[Event "ICC tourney 2884 (40 5)"]
[Site "Internet Chess Club"]
[Date "2022.04.16"]
[Round "3"]
[White "SHOLL, CRAIG H:craigsholl66"]
[Black "Turcotte, Jonathan:JonnyTurgi"]
[Result "0-1"]
[ICCResult "White resigns"]
[WhiteElo "1696"]
[BlackElo "2000"]
[Opening "Caro-Kann defense"]
[ECO "B10"]
[NIC "CK.01"]
[Time "15:00:11"]
[PlyCount "172"]
[TimeControl "2400+5"]

1. e4 c6 2. e5 d5 3. exd6 Qxd6 4. Nf3 Bg4 5. Be2 Nf6 6. Nc3 e6 7. O-O Be7 8.
d4 Nbd7 9. Be3 O-O 10. Qd2 Nd5 11. Ne4 Qc7 12. c4 Nxe3 13. Qxe3 Nf6 14. Ng3
Rfd8 15. Rfd1 c5 16. dxc5 Bxc5 17. Qb3 a5 18. a4 h6 19. Kf1 Rac8 20. Rac1 b6
21. Qc2 Qf4 22. h3 Bxf3 23. Bxf3 Bb4 24. b3 Qe5 25. Ne2 Bc5 26. g3 h5 27.
Kg2 h4 28. Nf4 hxg3 29. fxg3 Qe3 30. Nh5 Nxh5 31. Bxh5 Bd6 32. Qf2 Qxf2+ 33.
Kxf2 g6 34. Bf3 Bc5+ 35. Ke2 Bd4 36. Rd3 Be5 37. g4 Rxd3 38. Kxd3 f5 39.
gxf5 gxf5 40. Re1 Rc5 41. Rg1+ Kf7 42. Bh5+ Ke7 43. Rg8 Rc7 44. Re8+ Kf6 45.
Bf3 Rd7+ 46. Kc2 Bf4 47. Kc3 Bd2+ 48. Kc2 Bb4 49. h4 Rd2+ 50. Kc1 Rh2 51. h5
e5 52. Rh8 e4 53. Bd1 f4 54. Rh6+ Kg5 55. Rg6+ Kf5 56. Rxb6 f3 57. Rb5+ Kf4
58. c5 Rxh5 59. c6 Rh7 60. Rb7 Rh6 61. c7 Rc6+ 62. Kb1 e3 63. c8=Q Rxc8 64.
Rf7+ Ke4 65. Bxf3+ Kd3 66. Rd7+ Kc3 67. Be2 Kxb3 68. Bb5 Rc3 69. Rd1 Bc5 70.
Rd3 Rxd3 71. Bxd3 Kxa4 72. Ka2 Kb4 73. Be2 a4 74. Bd3 a3 75. Ba6 Kc3 76. Bb5
Kd2 77. Bc4 e2 78. Bxe2 Kxe2 79. Kb3 Bf8 80. Ka2 Kd3 81. Kb3 Be7 82. Ka2 Kc4
83. Kb1 Kb3 84. Ka1 Bf6+ 85. Kb1 a2+ 86. Kc1 a1=Q+ {White resigns} 0-1

[Event "ICC tourney 2884 (40 5)"]
[Site "Internet Chess Club"]
[Date "2022.04.16"]
[Round "4"]
[White "WANG, ALEXANDER J:ickyquarter"]
[Black "SHOLL, CRAIG H:craigsholl66"]
[Result "1-0"]
[ICCResult "Black resigns"]
[WhiteElo "1918"]
[BlackElo "1696"]
[Opening "Sicilian"]
[ECO "B54"]
[NIC "SI.01"]
[Time "17:00:07"]
[PlyCount "55"]
[TimeControl "2400+5"]

1. e4 c5 2. Nf3 d6 3. d4 cxd4 4. Nxd4 e6 5. Nc3 Nc6 6. g3 a6 7. Bg2 Qc7 8.
O-O Nf6 9. Re1 Be7 10. Nxc6 bxc6 11. e5 dxe5 12. Rxe5 O-O 13. Bf4 Bd6 14.
Rxe6 Bxf4 15. Rxc6 Qa5 16. Rxf6 gxf6 17. Bxa8 Be5 18. Bg2 Bf5 19. Nd5 Rd8
20. b4 Rxd5 21. bxa5 Rxd1+ 22. Rxd1 Bxc2 23. Rd8+ Kg7 24. Ra8 Bd3 25. Bf1
Be4 26. Rxa6 Bd4 27. Rb6 Kf8 28. Rb4 {Black resigns} 1-0

[Event "ICC tourney 2884 (40 5)"]
[Site "Internet Chess Club"]
[Date "2022.04.16"]
[Round "4"]
[White "Guo, Anni:movingkid"]
[Black "KOEHL, EVAN:MacAndSneeze"]
[Result "1/2-1/2"]
[ICCResult "Game drawn by mutual agreement"]
[WhiteElo "1700"]
[BlackElo "1648"]
[Opening "Sicilian: Prins (Moscow) variation"]
[ECO "B55"]
[NIC "SI.01"]
[Time "17:00:27"]
[PlyCount "66"]
[TimeControl "2400+5"]

1. e4 c5 2. Nf3 d6 3. d4 cxd4 4. Nxd4 Nf6 5. f3 e5 6. Nb3 Be6 7. c4 Qc7 8.
Na3 a6 9. Be3 Nbd7 10. Be2 Be7 11. Rc1 Rc8 12. O-O O-O 13. Kh1 Rfd8 14. Qe1
Nc5 15. Nxc5 dxc5 16. Qc3 Nd7 17. Rfd1 Nb8 18. Nb1 Nc6 19. Qe1 Nd4 20. Nc3
Bf8 21. Nd5 Bxd5 22. cxd5 Qb6 23. b3 Kh8 24. Rc3 f5 25. Rcc1 f4 26. Bf2 g5
27. Qd2 h5 28. Rg1 Be7 29. g3 Rg8 30. gxf4 gxf4 31. Bxd4 cxd4 32. Bc4 Qd6
33. a4 Qb4 {Game drawn by mutual agreement} 1/2-1/2

[Event "ICC tourney 2884 (40 5)"]
[Site "Internet Chess Club"]
[Date "2022.04.16"]
[Round "4"]
[White "WU, WILLIAM:chessw23"]
[Black "HARDAWAY, BREWINGTON:K06-15728407"]
[Result "0-1"]
[ICCResult "White checkmated"]
[WhiteElo "1911"]
[BlackElo "2057"]
[Opening "Sicilian: closed"]
[ECO "B23"]
[NIC "SI.44"]
[Time "17:00:08"]
[PlyCount "92"]
[TimeControl "2400+5"]

1. e4 c5 2. Nc3 e6 3. Nge2 a6 4. g3 Nc6 5. Bg2 Nge7 6. O-O b5 7. d3 g6 8. f4
Bg7 9. e5 d5 10. exd6 Qxd6 11. Ne4 Qd8 12. c3 h5 13. h3 h4 14. g4 f5 15.
gxf5 gxf5 16. Nxc5 Rg8 17. d4 Ra7 18. Qe1 Bf6 19. Qf2 Nd5 20. Kh2 Rag7 21.
Bh1 Qd6 22. Nd3 a5 23. Bd2 Nb6 24. Rae1 b4 25. Rg1 bxc3 26. bxc3 Ba6 27.
Rxg7 Rxg7 28. Qf3 Nd8 29. Nc5 Bc4 30. a4 Nd5 31. Nc1 Rg3 32. Qh5+ Kf8 33.
Qh6+ Kg8 34. Rg1 Nf7 35. Qh5 Nxf4 36. Bxf4 Qxf4 37. Qf3 Qd2+ 38. Qg2 Qxc3
39. Qxg3+ hxg3+ 40. Rxg3+ Qxg3+ 41. Kxg3 Bxd4 42. N5b3 Be5+ 43. Kf2 Bc7 44.
Ke3 e5 45. Bg2 Ng5 46. Nd2 Bb6# {White checkmated} 0-1

[Event "ICC tourney 2884 (40 5)"]
[Site "Internet Chess Club"]
[Date "2022.04.16"]
[Round "4"]
[White "Wan, Joseph Cheng-Yue:cyborg86"]
[Black "Turcotte, Jonathan:JonnyTurgi"]
[Result "1-0"]
[ICCResult "Black resigns"]
[WhiteElo "2285"]
[BlackElo "2000"]
[Opening "Queen's pawn, Mason variation, Steinitz counter-gambit"]
[ECO "D00"]
[NIC "QP.08"]
[Time "17:00:11"]
[PlyCount "67"]
[TimeControl "2400+5"]

1. d4 d5 2. Bf4 c5 3. e4 dxe4 4. d5 Nf6 5. Nc3 a6 6. Qe2 Bf5 7. O-O-O g6 8.
f3 exf3 9. Nxf3 Bg7 10. h3 h5 11. Nh4 Bd7 12. Qf2 b6 13. Qg3 b5 14. Re1 O-O
15. d6 e6 16. Bd3 c4 17. Bxg6 fxg6 18. Nxg6 Nc6 19. Nxf8 Qxf8 20. Rhf1 Kh7
21. Bg5 Qh8 22. Qh4 Rf8 23. Rf3 Kg8 24. Ref1 Nh7 25. Rxf8+ Nxf8 26. Qf2 Ne5
27. Ne4 Nh7 28. Be7 Bh6+ 29. Kb1 Be8 30. Nf6+ Nxf6 31. Bxf6 Bg7 32. Bxe5
Bxe5 33. Qf8+ Kh7 34. Qe7+ {Black resigns} 1-0

[Event "ICC tourney 2884 (40 5)"]
[Site "Internet Chess Club"]
[Date "2022.04.16"]
[Round "4"]
[White "OPASKA, MICHAEL:mopaska1106"]
[Black "YUAN, SERENA:doudou2011"]
[Result "1-0"]
[ICCResult "Black resigns"]
[WhiteElo "1778"]
[BlackElo "1651"]
[Opening "QGD: Harrwitz attack"]
[ECO "D35"]
[NIC "QO.16"]
[Time "17:00:11"]
[PlyCount "137"]
[TimeControl "2400+5"]

1. d4 d5 2. c4 e6 3. Nc3 Nf6 4. Bf4 c5 5. dxc5 Bxc5 6. e3 Bd6 7. Bg3 O-O 8.
Nf3 dxc4 9. Bxc4 Bb4 10. O-O Bxc3 11. bxc3 Nc6 12. Qc2 Qe7 13. Bd3 Rd8 14.
Bh4 h6 15. Rfd1 b6 16. Bh7+ Kh8 17. Rxd8+ Qxd8 18. Rd1 Qe7 19. Be4 Bb7 20.
Bxf6 Qxf6 21. Rd7 Rb8 22. Rxb7 Rxb7 23. Bxc6 Rc7 24. Qe4 Qxc3 25. Bb5 Qa1+
26. Bf1 Qxa2 27. Qa8+ Kh7 28. Bd3+ f5 29. g3 Qa4 30. Kg2 Qc6 31. Qxc6 Rxc6
32. Nd4 Rd6 33. Bc4 a5 34. Bxe6 g6 35. Bb3 Kg7 36. Ba4 Kf6 37. f4 g5 38. Kf3
gxf4 39. Kxf4 Rd5 40. Bc2 b5 41. Bxf5 a4 42. Bc2 Rc5 43. Ke4 Rc3 44. h3 a3
45. Bb3 b4 46. Kf4 Rc1 47. e4 Rb1 48. e5+ Ke7 49. Nf5+ Kd8 50. Nd4 Rb2 51.
Kf5 a2 52. Bxa2 Rxa2 53. Nc6+ Ke8 54. Nxb4 Ra3 55. g4 Rxh3 56. Nd5 Ra3 57.
Kf6 Ra6+ 58. e6 Rd6 59. Ne3 Rd3 60. Nf5 Rf3 61. Kg6 Rf4 62. Kf6 Rf3 63. Ke5
Ra3 64. Nxh6 Re3+ 65. Kf6 Rf3+ 66. Nf5 Kf8 67. g5 Ra3 68. e7+ Ke8 69. Ng7+
{Black resigns}
1-0

[Event "ICC tourney 2884 (40 5)"]
[Site "Internet Chess Club"]
[Date "2022.04.16"]
[Round "4"]
[White "LOCHAM, DIVJOT SINGH:winner08"]
[Black "KHAIS, STEVEN:methodX17"]
[Result "1/2-1/2"]
[ICCResult "Game drawn by repetition"]
[WhiteElo "1750"]
[BlackElo "1501"]
[Opening "Sicilian: Canal-Sokolsky attack, 3...Bd7"]
[ECO "B52"]
[NIC "SI.01"]
[Time "17:01:04"]
[PlyCount "142"]
[TimeControl "2400+5"]

1. e4 c5 2. Nf3 d6 3. Bb5+ Bd7 4. Bxd7+ Nxd7 5. O-O g6 6. c3 Bg7 7. d4 cxd4
8. cxd4 Ngf6 9. Re1 O-O 10. Nc3 e5 11. h3 a6 12. Bg5 h6 13. Bh4 g5 14. Bg3
Re8 15. Bh2 Qb6 16. dxe5 Nxe5 17. Rb1 Rad8 18. Qe2 Nxf3+ 19. Qxf3 Qb4 20. a3
Qb6 21. b4 Qc7 22. Rbc1 Qd7 23. Rcd1 Qc6 24. Nd5 Nxd5 25. exd5 Rxe1+ 26.
Rxe1 Qc3 27. Qxc3 Bxc3 28. Re7 Bb2 29. a4 b5 30. axb5 axb5 31. Rb7 f6 32.
Rxb5 f5 33. Rb6 f4 34. Kf1 Be5 35. Ke2 f3+ 36. Kxf3 Bxh2 37. g3 Kg7 38. Kg2
Bxg3 39. fxg3 Kf6 40. Kf3 Ke5 41. Rb5 Rc8 42. Kg4 Rc4+ 43. Kh5 Rc3 44. Kxh6
Rxg3 45. Ra5 Rxh3+ 46. Kxg5 Rg3+ 47. Kh4 Rd3 48. Kg5 Rxd5 49. Rxd5+ Kxd5 50.
Kf5 Kc4 51. Ke4 d5+ 52. Ke3 d4+ 53. Kd2 Kxb4 54. Kd3 Kc5 55. Kd2 Kc4 56. Kc2
d3+ 57. Kd2 Kd4 58. Kd1 Ke3 59. Ke1 Kd4 60. Kd2 Kc4 61. Kd1 Kc3 62. Kc1 Kb3
63. Kd2 Kc4 64. Kd1 Kd4 65. Kd2 Ke4 66. Kd1 Ke3 67. Ke1 Kd4 68. Kd2 Ke4 69.
Kd1 Ke3 70. Ke1 Kd4 71. Kd2 Kc4 {Game drawn by repetition} 1/2-1/2

[Event "ICC tourney 2884 (40 5)"]
[Site "Internet Chess Club"]
[Date "2022.04.16"]
[Round "5"]
[White "KHAIS, STEVEN:methodX17"]
[Black "OPASKA, MICHAEL:mopaska1106"]
[Result "0-1"]
[ICCResult "White resigns"]
[WhiteElo "1501"]
[BlackElo "1778"]
[Opening "English opening"]
[ECO "A21"]
[NIC "EO.23"]
[Time "19:00:32"]
[PlyCount "48"]
[TimeControl "2400+5"]

1. c4 e5 2. Nc3 c5 3. g3 Nc6 4. Bg2 g6 5. d3 Bg7 6. Nf3 Nge7 7. O-O O-O 8.
e4 h6 9. Nd5 d6 10. Be3 f5 11. Nxe7+ Qxe7 12. Qd2 Kh7 13. Qc1 Be6 14. Bd2 g5
15. h4 g4 16. Nh2 f4 17. gxf4 exf4 18. Bxf4 Rxf4 19. Qxf4 Be5 20. Qe3 Qxh4
21. f4 Bd4 22. Qxd4 Nxd4 23. f5 Ne2+ 24. Kh1 g3 {White resigns} 0-1

[Event "ICC tourney 2884 (40 5)"]
[Site "Internet Chess Club"]
[Date "2022.04.16"]
[Round "5"]
[White "Guo, Anni:movingkid"]
[Black "IVANOV, ALEXANDER:marble"]
[Result "0-1"]
[ICCResult "White resigns"]
[WhiteElo "1700"]
[BlackElo "2391"]
[Opening "Robatsch defense: two knights, Suttles variation"]
[ECO "B06"]
[NIC "KF.05"]
[Time "19:00:41"]
[PlyCount "50"]
[TimeControl "2400+5"]

1. e4 g6 2. d4 Bg7 3. Nf3 d6 4. Nc3 c6 5. Bc4 Nf6 6. O-O d5 7. exd5 cxd5 8.
Bb5+ Bd7 9. Bf4 O-O 10. Bxd7 Nbxd7 11. Ne5 e6 12. Qd2 Rc8 13. Nxd7 Nxd7 14.
Nb5 Qb6 15. Nd6 Rc6 16. c3 Rxd6 17. Bxd6 Qxd6 18. Rae1 Rc8 19. f4 Nf6 20.
Rf3 b5 21. Qe2 b4 22. Qe5 Qb6 23. Qe2 Ne4 24. Rc1 bxc3 25. bxc3 Bxd4+
{White resigns}
0-1

[Event "ICC tourney 2884 (40 5)"]
[Site "Internet Chess Club"]
[Date "2022.04.16"]
[Round "5"]
[White "MARKOVIC, GORAN:Goran21"]
[Black "WANG, ALEXANDER J:ickyquarter"]
[Result "0-1"]
[ICCResult "White resigns"]
[WhiteElo "1834"]
[BlackElo "1918"]
[Opening "Sicilian: dragon variation"]
[ECO "B70"]
[NIC "SI.15"]
[Time "19:00:40"]
[PlyCount "138"]
[TimeControl "2400+5"]

1. e4 c5 2. Nf3 d6 3. d4 cxd4 4. Nxd4 Nf6 5. Nc3 g6 6. Bc4 Bg7 7. Bb3 O-O 8.
f3 Nc6 9. Be3 Bd7 10. Qd2 Ne5 11. O-O-O Rc8 12. g4 b5 13. g5 Nh5 14. h3 Nc4
15. Bxc4 bxc4 16. Nde2 Qa5 17. Bd4 Rb8 18. Bxg7 Nxg7 19. Qd4 Ne6 20. Qd5 Qb4
21. b3 cxb3 22. cxb3 Rfc8 23. Kb2 Nc5 24. Qd4 Qb7 25. Nc1 Be6 26. Nd5 a5 27.
h4 a4 28. h5 axb3 29. a3 Bxd5 30. exd5 Qd7 31. Rh4 Qf5 32. Nd3 Nxd3+ 33.
Qxd3 Qxd3 34. Rxd3 Rc2+ 35. Kb1 Rg2 36. hxg6 fxg6 37. Rb4 Ra8 38. Rdxb3 Rxg5
39. Rb8+ Rxb8 40. Rxb8+ Kf7 41. Rb5 h5 42. a4 h4 43. Rb2 Rxd5 44. Ra2 Ra5
45. Kb2 h3 46. Kb3 Rh5 47. Rh2 Ke6 48. Kb4 Kd7 49. a5 Kc7 50. f4 Kb7 51. Ka4
Ka6 52. Kb4 e6 53. Kc4 Kxa5 54. Kd4 Kb6 55. Ke4 Kc5 56. Kf3 e5 57. Rc2+ Kd5
58. Rd2+ Ke6 59. fxe5 dxe5 60. Rd1 h2 61. Rh1 Kf5 62. Kg2 e4 63. Rf1+ Ke5
64. Kh1 g5 65. Ra1 Rh8 66. Ra5+ Kf4 67. Ra8 Rxa8 68. Kxh2 Ra2+ 69. Kg1 Kf3
{White resigns}
0-1

[Event "ICC tourney 2884 (40 5)"]
[Site "Internet Chess Club"]
[Date "2022.04.16"]
[Round "5"]
[White "LOCHAM, DIVJOT SINGH:winner08"]
[Black "KOEHL, EVAN:MacAndSneeze"]
[Result "0-1"]
[ICCResult "White checkmated"]
[WhiteElo "1750"]
[BlackElo "1648"]
[Opening "Sicilian: Canal-Sokolsky (Nimzovich-Rossolimo, Moscow) attack"]
[ECO "B51"]
[NIC "SI.01"]
[Time "19:00:34"]
[PlyCount "88"]
[TimeControl "2400+5"]

1. e4 c5 2. Nf3 d6 3. Bb5+ Nc6 4. O-O Bd7 5. c3 Nf6 6. Re1 a6 7. Ba4 b5 8.
Bc2 Bg4 9. h3 Bxf3 10. Qxf3 Qc7 11. d3 g6 12. Bf4 Rd8 13. Nd2 Bg7 14. a4 b4
15. Nb3 O-O 16. Rac1 Nd7 17. Bb1 Qb6 18. Ba2 Na5 19. Nxa5 Qxa5 20. Bb3 bxc3
21. bxc3 Bxc3 22. Bh6 Bxe1 23. Bxf8 Rxf8 24. h4 Bd2 25. Rd1 Bh6 26. h5 Nf6
27. hxg6 hxg6 28. Qg3 Kg7 29. e5 dxe5 30. Qxe5 Qb4 31. Bc4 Qxa4 32. Ra1 Qd7
33. Rxa6 Qd4 34. Qxe7 Ng4 35. Qe2 Nxf2 36. Kf1 Ng4 37. g3 Ne3+ 38. Ke1 Nxc4
39. dxc4 Qg1+ 40. Qf1 Re8+ 41. Kd1 Qxf1+ 42. Kc2 Re2+ 43. Kb3 Qb1+ 44. Kc3
Qc2# {White checkmated} 0-1

[Event "ICC tourney 2884 (40 5)"]
[Site "Internet Chess Club"]
[Date "2022.04.16"]
[Round "5"]
[White "Turcotte, Jonathan:JonnyTurgi"]
[Black "WU, WILLIAM:chessw23"]
[Result "0-1"]
[ICCResult "White resigns"]
[WhiteElo "2000"]
[BlackElo "1911"]
[Opening "QGD: Tartakower (Makagonov-Bondarevsky) system"]
[ECO "D58"]
[NIC "QO.10"]
[Time "19:00:22"]
[PlyCount "126"]
[TimeControl "2400+5"]

1. d4 d5 2. c4 e6 3. Nf3 Nf6 4. Nc3 Be7 5. Bg5 h6 6. Bh4 O-O 7. e3 b6 8. Bd3
Bb7 9. O-O Nbd7 10. Qe2 c5 11. Rfd1 Ne4 12. Bxe7 Nxc3 13. bxc3 Qxe7 14. cxd5
Bxd5 15. e4 Bb7 16. a4 Rfd8 17. a5 Nf6 18. a6 Bc6 19. Ne5 Rac8 20. Nxc6 Rxc6
21. Bb5 Rcc8 22. f3 cxd4 23. cxd4 e5 24. d5 Rc3 25. Kh1 Qc5 26. Bd3 Ne8 27.
Qd2 Nd6 28. f4 f6 29. fxe5 fxe5 30. Rac1 Rc8 31. Rxc3 Qxc3 32. Qe2 Rc5 33.
h3 Rc7 34. Qg4 Re7 35. Qg6 Qc7 36. Rf1 Rf7 37. Qe6 Kf8 38. Qxe5 Rxf1+ 39.
Bxf1 Qe7 40. Qf4+ Qf6 41. Qxf6+ gxf6 42. Bd3 Nf7 43. Kh2 Ke7 44. Kg3 Ne5 45.
Be2 Kd6 46. Kf4 Nf7 47. Kf5 Ke7 48. Kg6 Ng5 49. Bd3 Nf7 50. h4 Ne5+ 51. Kxh6
Nxd3 52. Kg7 Ne5 53. h5 Ng4 54. h6 Nxh6 55. Kxh6 b5 56. Kg6 b4 57. d6+ Ke6
58. d7 Kxd7 59. Kxf6 Ke8 60. g4 b3 61. g5 b2 62. g6 b1=Q 63. g7 Qb6+
{White resigns}
0-1

[Event "ICC tourney 2884 (40 5)"]
[Site "Internet Chess Club"]
[Date "2022.04.16"]
[Round "5"]
[White "Yan, Ruiyang:K01-30157975"]
[Black "GUSEINOV, GADIR:GGuseinov"]
[Result "0-1"]
[ICCResult "White resigns"]
[WhiteElo "2185"]
[BlackElo "2711"]
[Opening "Sicilian: Richter-Rauzer, Rauzer attack, 7...a6 defense, 8...Bd7"]
[ECO "B67"]
[NIC "SI.30"]
[Time "19:00:25"]
[PlyCount "272"]
[TimeControl "2400+5"]

1. e4 c5 2. Nf3 Nc6 3. d4 cxd4 4. Nxd4 Nf6 5. Nc3 d6 6. Bg5 e6 7. Qd2 a6 8.
O-O-O Bd7 9. Nxc6 Bxc6 10. Bd3 Be7 11. f3 Qa5 12. Kb1 b5 13. h4 h6 14. Be3
h5 15. Qf2 Nd7 16. Ne2 Qc7 17. Nd4 Bb7 18. Rhe1 Nc5 19. Bc1 g6 20. f4 O-O-O
21. g3 Kb8 22. Nf3 f5 23. e5 d5 24. Be3 Na4 25. Bd4 Rhe8 26. c3 Rc8 27. Rc1
Ka8 28. Red1 Bf8 29. Ng5 Rb8 30. Rc2 Bc8 31. Ka1 Rb7 32. Rdc1 Nc5 33. Bf1
Qc6 34. b3 Ne4 35. Nxe4 dxe4 36. c4 b4 37. Rd1 a5 38. Kb1 a4 39. Rcd2 Rd8
40. Be3 Rbd7 41. Rxd7 Rxd7 42. Rxd7 Bxd7 43. Qd2 Be7 44. Be2 Kb8 45. Qd4 Qb7
46. c5 Bb5 47. Bc4 Qc6 48. bxa4 Bxc4 49. Qxc4 Qxa4 50. Qd4 Kc7 51. Bd2 Qd1+
52. Kb2 Kc6 53. Qxb4 Bxc5 54. Qc3 Qe2 55. Kb1 Qd3+ 56. Qxd3 exd3 57. Be1 Kd5
58. Kc1 Ba3+ 59. Kd1 Ke4 60. Bf2 Kf3 61. Be1 Ke3 62. Bd2+ Kf2 63. Be1+ Kf3
64. Kd2 Ke4 65. Bf2 Bb4+ 66. Kd1 Kd5 67. Be1 Ba3 68. Kd2 Kc4 69. Bf2 Bb4+
70. Kd1 Ba3 71. Be1 Kd5 72. Bf2 Bb2 73. Kd2 Kc4 74. Kd1 Ba3 75. Be1 Kd4 76.
Bd2 Kd5 77. Be1 Ke4 78. Bd2 Kf3 79. Be1 Kg2 80. Kd2 Kf1 81. Kd1 Kg2 82. Kd2
Bb4+ 83. Kd1 Bc5 84. Kd2 Kf1 85. Kd1 Be3 86. a4 Kg2 87. a5 Kf3 88. a6 Ke4
89. Bd2 Ba7 90. Be1 Kd5 91. Bd2 Kc4 92. Be1 Bb6 93. Kd2 Bc5 94. Kd1 Kb5 95.
Kd2 Kc4 96. Kd1 Bg1 97. Kd2 Bd4 98. Kd1 Be3 99. Bd2 Bg1 100. Be1 Kb5 101.
Kd2 Kxa6 102. Kxd3 Kb5 103. Ke2 Kc4 104. Ba5 Bc5 105. Be1 Ba7 106. Bd2 Bb6
107. Be1 Bg1 108. Bd2 Kd4 109. Kf3 Kd3 110. Ba5 Bd4 111. Be1 Kc2 112. Ke2
Bb2 113. Ba5 Ba3 114. Be1 Bc5 115. Ba5 Kb3 116. Kd3 Bf2 117. Bd8 Bxg3 118.
Bg5 Kb4 119. Kd4 Kb5 120. Kd3 Kc5 121. Be7+ Kc6 122. Bg5 Kd5 123. Ke3 Kc4
124. Kf3 Be1 125. Bf6 Kd3 126. Be7 Bc3 127. Bf6 Bd4 128. Bg5 Kd2 129. Bf6
Ke1 130. Bg5 Kf1 131. Bf6 Bf2 132. Bg5 Kg1 133. Bf6 Be1 134. Ke2 Bg3 135.
Kf3 Kh2 136. Bg5 Kh3 {White resigns} 0-1